 Dungeon Crawl Stone Soup version 0.28-a0-957-g42eb19b844 (webtiles) character file.

Game seed: 16491883533619766663

23 bande the Covered (level 3, 23/23 HPs)
             Began as a Gargoyle Fighter on Dec 1, 2021.
             Quit the game on level 2 of the Dungeon.
             The game lasted 00:01:51 (988 turns).

bande the Covered (Gargoyle Fighter)                 Turns: 988, Time: 00:01:52

Health: 23/23      AC: 11    Str: 21    XL:     3   Next: 0%
Magic:  2/2        EV:  9    Int:  8    God:
Gold:   41         SH:  4    Dex:  9    Spells: 2/2 levels left

rFire   . . .      SeeInvis .   a - +0 war axe
rCold   . . .      Faith    .   c - +0 buckler
rNeg    + . .      Spirit   .   b - +0 scale mail
rPois   ∞          Reflect  .   (helmet restricted)
rElec   +          Harm     .   (no cloak)
rCorr   .          Rampage  .   e - +0 pair of gloves
Will    .....                   (no boots)
Stlth   ..........              (no amulet)
HPRegen 0.07/turn               (no ring)
MPRegen 0.08/turn               (no ring)

@: no status effects
A: sickness immunity, AC +3, negative energy resistance 1, electricity
resistance, torment resistance 1, petrification resistance, horns 1, low mp 1
a: no special abilities


You were on level 2 of the Dungeon.
You visited 1 branch of the dungeon, and saw 2 of its levels.

You collected 41 gold pieces.

Inventory:

Hand Weapons
 a - a +0 war axe (weapon)
Armour
 b - a +0 scale mail (worn)
 c - a +0 buckler (worn)
 e - a +0 pair of gloves (worn)
Potions
 d - a potion of might
 h - a potion of brilliance


   Skills:
 + Level 3.5 Fighting
 + Level 2.2 Axes
 + Level 3.7 Armour
 + Level 3.5 Shields


You had 2 spell levels left.
You didn't know any spells.
Your spell library was empty.

Dungeon Overview and Level Annotations

Branches:
Dungeon (2/15)

Altars:


Innate Abilities, Weirdness & Mutations

You are immune to sickness and miasma.
Your stone body is resilient. (AC +3)
You are immune to poison.
You resist negative energy. (rN+)
You are resistant to electric shocks. (rElec)
You are resistant to unholy torment.
You are immune to petrification.
You have a pair of small horns on your head.
Your magical capacity is low. (-10% MP)


Message History

You block the giant cockroach's attack.
You closely miss the giant cockroach.
The kobold throws a stone.
The stone hits you but does no damage.
The giant cockroach bites you but does no damage.
You hit the giant cockroach but do no damage.
You block the giant cockroach's attack. The giant cockroach bites you.
The kobold throws a stone.
The stone hits you but does no damage.
You barely miss the giant cockroach.
The giant cockroach bites you but does no damage. x2
You hit the giant cockroach.
The giant cockroach is almost dead.
The giant cockroach barely misses you.
You hit the giant cockroach.
You kill the giant cockroach!
The kobold hits you with a +0 short sword.
You closely miss the kobold. The kobold hits you but does no damage.
You hit the kobold.
You kill the kobold!
You have reached level 3!
Your experience leads to an increase in your attributes!
Increase (S)trength, (I)ntelligence, or (D)exterity?
You feel stronger. x2
You start resting.
HP restored.
As you read the scroll labelled GODOLIERGH WOOS, it crumbles to dust.
It is a scroll of identify.
h - a potion of brilliance
As you read the scroll of identify, it crumbles to dust.
i - a potion of mutation Blink to where?
Press: ? - help, Dir - move target
As you read the scroll labelled GAR ZEFUJOTA, it crumbles to dust.
It was a scroll of blinking.
As you read the scroll labelled ITOYNO HIRO, it crumbles to dust.
You assume a fearsome visage.
Nothing appears to happen.
It was a scroll of fear.
Really quaff the potion of mutation?
You feel extremely strange. A pair of horns grows on your head!
You feel less energetic.
Are you sure you want to abandon this character and quit the game? (Confirm with "yes".)

########
##......##
##........##
#........<.#
#.......@..#
#..........#
#........†.#
#......)...#
##........##
#..........
...........
............
...........#.


There were no monsters in sight!

Vanquished Creatures
  A worm (D:2)
  A dart slug (D:1)
  7 ball pythons (D:1)
  2 endoplasms (D:1)
  A giant cockroach (D:2)
  A goblin (D:1)
  A bat (D:1)
  A frilled lizard (D:1)
  4 kobolds
  2 rats (D:1)
21 creatures vanquished.

Notes
Turn   | Place    | Note
-------+----------+-------------------------------------------
     0 | D:1      | bande the Gargoyle Fighter began the quest for the Orb.
     0 | D:1      | Reached XP level 1. HP: 14/14 MP: 1/1
    71 | D:1      | Reached XP level 2. HP: 17/19 MP: 2/2
   895 | D:2      | Reached XP level 3. HP: 17/23 MP: 3/3
   987 | D:2      | Gained mutation: You have a pair of small horns on your
                  | head. [potion of mutation]
   987 | D:2      | Gained mutation: Your magical capacity is low. (-10% MP)
                  | [potion of mutation]
   988 | D:2      | Quit the game

Illustrated notes

Levels and vault maps discovered:
D:1:      onia_arrival_mini_spirals, layout_basic, st_stairs_7
D:2:      layout_rooms, basic_altar, minmay_rat_hole

Skill      XL: |  1  2 |
---------------+-------+-----
Axes           | 2 |  2.2
Fighting       | |  3.5
Armour         | |  3.7
Shields        | |  3.5

Action                   || total
-------------------------++-------
Melee: War axe           ||    53
  Use: Scroll            ||     4
       Potion            ||     1
Armor: Scale mail        ||    28
Dodge: Dodged            ||    26
Block: Buckler           ||    18

Table legend: (Time is in decaauts)
 A = Elapsed time spent in this place.
 B = Non-inter-level travel time spent in this place.
 C = Inter-level travel time spent in this place.
 D = Time resting spent in this place.
 E = Time spent auto-exploring this place.
 F = Levels seen in this place.
 G = Mean time per level.
                   A        B        C        D        E       F      G
               +--------+--------+--------+--------+--------+-----+--------+
         Total |   1010 |   1010 |      0 |    329 |    456 |   2 |  505.0 |
       Dungeon |   1010 |   1010 |      0 |    329 |    456 |   2 |  505.0 |
               +--------+--------+--------+--------+--------+-----+--------+

Top non-repeatable levels by time:
     D:1: 822 daAuts
     D:2: 188 daAuts
